 Dungeon Crawl Stone Soup version 0.27.1-4-g1640c2035a (webtiles) character file.

Game seed: 7457654501609275692

33520 zeram the Peltast (level 13, 0/84 HPs)
             Began as a Gargoyle Fighter on Nov 17, 2021.
             Was an Initiate of Gozag.
             Slain by a boulder beetle (18 damage)
             ... on level 2 of the Lair of Beasts.
             The game lasted 00:54:26 (21319 turns).

zeram the Peltast (Gargoyle Fighter)               Turns: 21319, Time: 00:54:26

Health: 0/84       AC: 36    Str: 37    XL:     13   Next: 71%
Magic:  13/13      EV: 16    Int:  5    God:    Gozag
Gold:   1041       SH: 21    Dex:  8    Spells: 12/12 levels left

rFire    + . .     SeeInvis +   H - +6 spear "Juaqir" {vorpal, rElec Str+8 Dex-2 Stlth+}
rCold    + . .     Faith    .   c - +0 kite shield
rNeg     + . .     Spirit   .   M - +3 plate armour {rC+}
rPois    ∞         Reflect  +   (no helmet)
rElec    +         Harm     .   O - +1 cloak of Starlight {*Dazzle EV+4 Stlth--}
rCorr    .         Rampage  .   N - +2 pair of gloves {Dex+3}
Will     .....                  m - +1 pair of boots
Stlth    ..........             p - amulet of reflection
HPRegen  0.24/turn              v - +4 ring of evasion
MPRegen  0.13/turn              j - ring "Wiymur" {rF+ Str+5 Int-5 Dex-2 SInv}

@: no status effects
A: sickness immunity, AC +9, negative energy resistance 1, electricity
resistance, torment resistance 1, petrification resistance
a: Renounce Religion, Potion Petition, Call Merchant, Bribe Branch


You were on level 2 of the Lair of Beasts.
You worshipped Gozag.
Gozag was most pleased with you.
You visited 5 branches of the dungeon, and saw 16 of its levels.
You also visited: Ossuary.

You collected 3720 gold pieces.
You spent 2646 gold pieces at shops.
You paid 33 gold pieces to Gozag.

Inventory:

Hand Weapons
 d - a +2 whip of venom
 H - the +6 spear "Juaqir" (weapon) {vorpal, rElec Str+8 Dex-2 Stlth+}
   (You bought it in a shop on level 5 of the Dungeon)

   It inflicts extra damage upon your enemies.
   Str:       It affects your strength (+8).
   Dex:       It affects your dexterity (-2).
   rElec:     It insulates you from electricity.
   Stlth:     It makes you more stealthy.
 L - the +1 battleaxe "Intexka" {elec, rElec rN+ SInv}
   (You bought it in a shop on level 2 of the Orcish Mines)

   It occasionally discharges a powerful burst of electricity upon striking a
   foe.
   rElec:     It insulates you from electricity.
   rN:        It protects you from negative energy.
   SInv:      It lets you see invisible.
Missiles
 h - 4 curare-tipped darts (quivered)
Armour
 c - a +0 kite shield (worn)
 m - a +1 pair of boots (worn)
 M - a +3 plate armour of cold resistance (worn)
 N - a +2 pair of gloves of dexterity (worn)
 O - the +1 cloak of Starlight (worn) {*Dazzle EV+4 Stlth--}
   (You bought it in a shop on level 2 of the Orcish Mines)

   It may blind those who miss an attack against the wearer in melee combat.
   EV:        It affects your evasion (+4).
   Stlth:     It makes you much less stealthy.
Jewellery
 b - a +6 ring of strength
 j - the ring "Wiymur" (right hand) {rF+ Str+5 Int-5 Dex-2 SInv}
   (You bought it in a shop on level 1 of the Dungeon)

   [ring of protection from fire]

   Str:       It affects your strength (+5).
   Int:       It affects your intelligence (-5).
   Dex:       It affects your dexterity (-2).
   rF:        It protects you from fire.
   SInv:      It lets you see invisible.
 n - a +4 ring of protection
 p - an amulet of reflection (around neck)
 v - a +4 ring of evasion (left hand)
Wands
 l - a wand of flame (19)
 q - a wand of polymorph (12)
 x - a wand of acid (2)
 J - a wand of digging (4)
Scrolls
 a - 2 scrolls of enchant armour
 e - 3 scrolls of fog
 g - a scroll of magic mapping {unknown}
 t - 3 scrolls of enchant weapon
 z - 2 scrolls of amnesia
 D - 5 scrolls of teleportation
Potions
 f - 5 potions of magic
 o - 3 potions of curing
 r - 5 potions of flight
 u - 2 potions of attraction
 B - a potion of experience {unknown}
 C - 2 potions of invisibility {unknown}
 F - a potion of mutation {unknown}


   Skills:
 + Level 11.4 Fighting
 - Level 1.7 Axes
 + Level 1.1 Throwing
 + Level 12.4 Armour
 + Level 18.0 Shields
 + Level 1.1 Evocations


You had 12 spell levels left.
You didn't know any spells.
Your spell library contained the following spells:

 Spells                   Type           Power      Damage    Failure   Level
 Freeze                   Ice            0%         1d3       94%         1
 Dazzling Flash           Conj/Hex       0%         N/A       100%        3
 Frozen Ramparts          Ice            0%         1d2       100%        3
 Hailstorm                Conj/Ice       0%         3d3       100%        4
 Iskenderun's Mystic Bla  Conj/Tloc      0%         2d3       100%        4
 Starburst                Conj/Fire      0%         6d3       100%        6


Dungeon Overview and Level Annotations

Branches:
Dungeon (10/15)            Temple (1/1) D:4            Lair (2/6) D:9
    Orc (2/2) D:9             Elf (1/3) Orc:2       Ossuary (visited)
  Swamp: Lair:2-4    Shoals: Lair:2-4     Snake: Lair:2-4    Spider: Lair:2-4

Altars:
Cheibriados
Dithmenos
Elyvilon
Fedhas
Gozag
Hepliaklqana
Makhleb
Nemelex Xobeh
Okawaru
Qazlal
Ru
Sif Muna
Trog
Uskayaw
Vehumet
Wu Jian
Xom
Yredelemnul
Zin
Beogh

Shops:
D:1 =   D:3 [   D:5 (   Orc:2 [[(*[


Innate Abilities, Weirdness & Mutations

You are immune to sickness and miasma.
Your stone body is resilient. (AC +9)
You are immune to poison.
You resist negative energy. (rN+)
You are resistant to electric shocks. (rElec)
You are resistant to unholy torment.
You are immune to petrification.


Message History

You are too injured to fight recklessly!
You are too injured to fight recklessly!
You are too injured to fight recklessly!
You are too injured to fight recklessly!
You are too injured to fight recklessly!
You are too injured to fight recklessly!
You are too injured to fight recklessly!
You are too injured to fight recklessly!
You are too injured to fight recklessly!
Unknown command.
You hit the boulder beetle but do no damage.
The boulder beetle is heavily wounded.
The boulder beetle closely misses you.
You hit the boulder beetle but do no damage.
The boulder beetle is heavily wounded.
The boulder beetle bites you!
You hit the boulder beetle but do no damage.
The boulder beetle is heavily wounded.
You block the boulder beetle's attack.
You hit the boulder beetle but do no damage.
The boulder beetle is heavily wounded.
The boulder beetle closely misses you.
You hit the boulder beetle but do no damage.
The boulder beetle is heavily wounded.
You block the boulder beetle's attack.
You hit the boulder beetle.
The boulder beetle is heavily wounded.
You block the boulder beetle's attack.
You hit the boulder beetle but do no damage.
The boulder beetle is heavily wounded.
The boulder beetle is no longer blind.
The boulder beetle bites you!
* * * LOW HITPOINT WARNING * * *
You puncture the boulder beetle!
The boulder beetle is severely wounded.
The boulder beetle barely misses you.
You hit the boulder beetle but do no damage.
The boulder beetle is severely wounded.
The boulder beetle bites you!!
You die...
Your body crumbles into a pile of gold.

...................# ##.##
...................# #.#
...................### ##.#
.....................# #..#
...................#.## #..##
...........###.#....#.###..P#
...........# ###...........##
....P...#### #B..........#
#@..#.##....P#
##..######....# #...## ....##
..######P...# ###..#
...........## #...#
...........## ...#
####P##....P# ####..# #
#....P.###P.#..#
#..............#


You could see a boulder beetle.

Vanquished Creatures
  Harold (D:9)
  4 hydras
  4 ogre magi (Orc:2)
  Erica (Lair:1)
  16 two-headed ogres
  The ghost of jjjjhere the Frost Mage, a novice GrIE of Sif Muna (Lair:1)
  2 deep elf pyromancers (Orc:2)
  An orc knight (D:9)
  A cyclops (D:9)
  A manticore (D:8)
  2 black mambas
  An elephant (D:8)
  3 cane toads
  2 komodo dragons (Lair:1)
  3 trolls
  A hornet (shapeshifter) (D:9)
  6 yaks
  3 wyverns
  A wraith (Ossuary)
  A shadow (D:9)
  A steam dragon (D:6)
  A basilisk (D:8)
  5 wargs
  3 water moccasins
  14 orc warriors
  A sky beast (D:5)
  2 black bears
  2 necrophages
  29 ogres
  3 wolves
  4 centaurs
  A phantom (D:9)
  6 bullfrogs
  Blork the orc (D:5)
  A gnoll sergeant (D:8)
  A water moccasin zombie (D:5)
  A water moccasin skeleton (D:3)
  2 troll zombies (D:9)
  10 wights
  2 howler monkeys (D:6)
  A centaur zombie (D:9)
  A bullfrog zombie (D:3)
  2 jellies
  2 hounds
  A gnoll shaman (D:9)
  10 orc priests
  A centaur skeleton (D:6)
  A bullfrog skeleton (D:6)
  4 iguanas
  Jessica (D:3)
  21 orc wizards
  4 ogre zombies (D:9)
  A mummy (Ossuary)
  3 hound skeletons
  13 gnolls
  12 adders
  A shadow imp (D:7)
  An ufetubus (D:2)
  4 worms
  2 dart slugs
  61 orcs
  3 ball pythons
  8 endoplasms
  6 giant cockroaches
  9 goblins
  6 hobgoblins
  4 jackals (D:1)
  11 kobolds
  4 quokkas
  3 bats
  7 frilled lizards
  5 gnoll skeletons (Ossuary)
  3 goblin zombies (D:9)
  A hobgoblin skeleton (D:9)
  A hobgoblin zombie (D:9)
  4 kobold skeletons (Ossuary)
  19 orc skeletons
  11 orc zombies (D:9)
  A rat (D:3)
398 creatures vanquished.

Vanquished Creatures (others)
  Sonja (D:9)
  A deep elf zephyrmancer (Elf:1)
  A shadow (D:9)
  2 fungi
  6 plants
11 creatures vanquished.

Grand Total: 409 creatures vanquished

Notes
Turn   | Place    | Note
-------+----------+-------------------------------------------
     0 | D:1      | zeram the Gargoyle Fighter began the quest for the Orb.
     0 | D:1      | Reached XP level 1. HP: 14/14 MP: 1/1
     7 | D:1      | Found a faded altar of an unknown god.
    27 | D:1      | Reached XP level 2. HP: 16/19 MP: 2/2
   865 | D:1      | Reached XP level 3. HP: 21/24 MP: 3/3
  1074 | D:1      | Found Qisaoha's Jewellery Emporium.
  1223 | D:2      | Reached skill level 4 in Shields
  1855 | D:2      | Reached XP level 4. HP: 29/29 MP: 4/4
  2292 | D:3      | Found Umuq's Antique Armour Shop.
  2489 | D:3      | Reached XP level 5. HP: 28/33 MP: 5/5
  2923 | D:3      | Noticed Jessica
  2928 | D:3      | Killed Jessica
  3038 | D:3      | Reached skill level 5 in Shields
  3044 | D:3      | Found a sacrificial altar of Ru.
  3297 | D:4      | Reached skill level 5 in Armour
  3297 | D:4      | Reached XP level 6. HP: 39/39 MP: 6/6
  3500 | D:4      | Found a stormy altar of Qazlal.
  3644 | D:4      | Reached skill level 5 in Fighting
  3644 | D:4      | Reached skill level 6 in Shields
  3729 | D:4      | Found a staircase to the Ecumenical Temple.
  3780 | D:4      | Reached XP level 7. HP: 44/44 MP: 7/7
  3934 | D:4      | Found a white marble altar of Elyvilon.
  4032 | Temple   | Entered the Ecumenical Temple
  4052 | Temple   | Became a worshipper of Gozag Ym Sagoz the Greedy
  4079 | D:5      | Entered Level 5 of the Dungeon
  4137 | D:5      | Found a sand-covered staircase.
  4142 | Ossuary  | Entered an ossuary
  4142 | Ossuary  | Noticed a wraith
  4142 | Ossuary  | Noticed a wraith
  4142 | Ossuary  | Noticed a wraith
  4259 | Ossuary  | Noticed a wraith
  4279 | Ossuary  | Killed a wraith
  4595 | D:5      | Reached skill level 7 in Shields
  5027 | D:5      | Noticed a wyvern
  5037 | D:5      | Killed a wyvern
  5038 | D:5      | Reached XP level 8. HP: 38/51 MP: 8/8
  5151 | D:5      | Found Pytitt's Antique Weapon Boutique.
  5274 | D:5      | Reached skill level 8 in Shields
  5356 | D:5      | Noticed Blork the orc
  5368 | D:5      | Killed Blork the orc
  6198 | D:6      | Reached skill level 9 in Shields
  6223 | D:6      | Reached XP level 9. HP: 56/56 MP: 9/9
  7046 | D:1      | Bought the ring "Wiymur" {rF+ Str+5 Int-5 Dex-2 SInv} for
                  | 384 gold pieces
  7521 | D:6      | Reached skill level 10 in Shields
  7701 | D:7      | Found a shimmering altar of Xom.
  7765 | D:7      | Found a burning altar of Makhleb.
  8887 | D:8      | Noticed a manticore
  8897 | D:8      | Killed a manticore
  8898 | D:8      | Reached skill level 11 in Shields
  8898 | D:8      | Reached XP level 10. HP: 48/64 MP: 10/10
  9147 | D:8      | Found a shadowy altar of Dithmenos.
  9177 | D:8      | Found a snail-covered altar of Cheibriados.
  9177 | D:8      | Found a hide-covered altar of Uskayaw.
  9591 | D:9      | Found a staircase to the Orcish Mines.
  9890 | D:9      | Reached skill level 12 in Shields
  9900 | D:9      | Noticed an elephant
 10036 | D:8      | Killed an elephant
 10085 | D:9      | Found a staircase to the Lair.
 10695 | D:9      | Noticed a two-headed ogre
 10707 | D:9      | Killed a two-headed ogre
 10708 | D:9      | Reached skill level 13 in Shields
 11221 | D:5      | Bought a scorched spear for 184 gold pieces
 11221 | D:5      | Identified the +6 spear "Juaqir" {vorpal, rElec Str+8 Dex-2
                  | Stlth+} (You bought it in a shop on level 5 of the Dungeon)
 11347 | Orc:1    | Entered Level 1 of the Orcish Mines
 11527 | D:9      | Reached XP level 11. HP: 39/71 MP: 11/11
 11923 | Orc:1    | Noticed a two-headed ogre
 11928 | Orc:1    | Noticed Harold
 11930 | Orc:1    | Noticed a cyclops
 11935 | Orc:1    | Noticed Sonja
 11982 | D:9      | Killed a two-headed ogre
 12355 | D:9      | Reached skill level 14 in Shields
 12690 | D:10     | Entered Level 10 of the Dungeon
 13001 | Orc:1    | Noticed an orc knight
 13149 | D:9      | Killed an orc knight
 13471 | D:9      | Killed Sonja
 13567 | D:9      | Killed Harold
 14010 | D:9      | Killed a cyclops
 14596 | Orc:2    | Entered Level 2 of the Orcish Mines
 14785 | Orc:2    | Found a staircase to the Elven Halls.
 14857 | Orc:2    | Found Soqamn's Antique Armour Shoppe.
 15219 | Orc:2    | Noticed a two-headed ogre
 15220 | Orc:2    | Noticed a two-headed ogre
 15220 | Orc:2    | Noticed a two-headed ogre
 15220 | Orc:2    | Noticed an ogre mage
 15220 | Orc:2    | Noticed an ogre mage
 15221 | Orc:2    | Noticed an ogre mage
 15221 | Orc:2    | Noticed a two-headed ogre
 15221 | Orc:2    | Noticed an ogre mage
 15221 | Orc:2    | Noticed a two-headed ogre
 15223 | Orc:2    | Noticed a two-headed ogre
 15223 | Orc:2    | Noticed a two-headed ogre
 15232 | Orc:2    | Noticed a two-headed ogre
 15232 | Orc:2    | Noticed a two-headed ogre
 15232 | Orc:2    | Noticed a two-headed ogre
 15233 | Orc:2    | Noticed a two-headed ogre
 15302 | Orc:1    | Killed a two-headed ogre
 15303 | Orc:1    | Reached skill level 10 in Armour
 15303 | Orc:1    | Reached skill level 15 in Shields
 15489 | Orc:1    | Killed a two-headed ogre
 15502 | Orc:1    | Reached skill level 10 in Fighting
 15733 | Orc:1    | Killed a two-headed ogre
 15734 | Orc:1    | Reached XP level 12. HP: 42/77 MP: 12/12
 15744 | Orc:1    | Killed a two-headed ogre
 15753 | Orc:1    | Killed a two-headed ogre
 15786 | Orc:1    | Killed a two-headed ogre
 16020 | Orc:1    | Killed a two-headed ogre
 16226 | Orc:1    | Reached skill level 1 in Evocations
 16318 | Orc:1    | Killed a two-headed ogre
 16556 | Orc:1    | Killed a two-headed ogre
 16745 | Orc:2    | Reached skill level 16 in Shields
 16754 | Orc:2    | Noticed a two-headed ogre
 16757 | Orc:2    | Paralysed by an ogre mage for 3 turns
 16763 | Orc:2    | Paralysed by an ogre mage for 2 turns
 16857 | Orc:2    | Paralysed by an ogre mage for 3 turns
 16892 | Orc:1    | Killed a two-headed ogre
 17168 | Orc:2    | Killed an ogre mage
 17174 | Orc:2    | Killed an ogre mage
 17175 | Orc:2    | Reached skill level 1 in Throwing
 17206 | Orc:2    | Killed an ogre mage
 17241 | Orc:2    | Killed a two-headed ogre
 17282 | Orc:2    | Noticed a two-headed ogre
 17285 | Orc:2    | Found Ipruafu's Assorted Antiques.
 17285 | Orc:2    | Found Esuun's Antique Armour Shop.
 17296 | Orc:2    | Killed a two-headed ogre
 17332 | Orc:2    | Found Entiur's Antique Weapon Shoppe.
 17332 | Orc:2    | Found Wuumusk's Antique Armour Boutique.
 17455 | Orc:2    | Bought an iridescent battleaxe for 414 gold pieces
 17455 | Orc:2    | Identified the +1 battleaxe "Intexka" {elec, rElec rN+
                  | SInv} (You bought it in a shop on level 2 of the Orcish
                  | Mines)
 17490 | Orc:2    | Noticed a two-headed ogre
 17491 | Orc:2    | Reached XP level 13. HP: 75/84 MP: 13/13
 17996 | Orc:2    | Reached skill level 17 in Shields
 18433 | Orc:2    | Bought a shiny plate armour for 676 gold pieces
 18433 | Orc:2    | Bought a pair of embroidered gloves for 195 gold pieces
 18433 | Orc:2    | Bought the +1 cloak of Starlight {*Dazzle EV+4 Stlth--} for
                  | 793 gold pieces
 18433 | Orc:2    | Found the +1 cloak of Starlight {*Dazzle EV+4 Stlth--}
 18521 | Elf:1    | Entered Level 1 of the Elven Halls
 19214 | Lair:1   | Entered Level 1 of the Lair of Beasts
 19520 | Lair:1   | Found a runed translucent gate.
 19520 | Lair:1   | Found a runed translucent gate.
 19520 | Lair:1   | Found a runed translucent gate.
 19985 | Lair:1   | Noticed jjjjhere's ghost (novice GrIE)
 20200 | Lair:1   | Noticed Erica
 20227 | Lair:1   | Killed Erica
 20413 | Lair:1   | Killed jjjjhere's ghost
 21036 | Lair:2   | Reached skill level 18 in Shields
 21319 | Lair:2   | Slain by a boulder beetle

Illustrated notes

Levels and vault maps discovered:
D:1:      saegor_arrival_simple_b, layout_loops_corners,
          hellmonk_ecumenical_altar_dog_temple, serial_shops, shop
D:2:      layout_loops_ring
D:3:      layout_basic, hangedman_ru_absence, serial_glass, glass_columns_c,
          glass_columns_c, minmay_strange_pillars, minmay_strange_pillars,
          serial_shops, shop, uniq_jessica
D:4:      layout_cave_pools, kennysheep_mini_moat,
          nicolae_qazlal_general_emergency, temple_doors_e, st_stairs_3,
          minmay_cupped
D:5:      layout_basic, serial_shops, nicolae_shop_behind_doors,
          enter_ossuary_2, uniq_blork_the_orc
D:6:      layout_loops_cross, gup_sewer_entry_bubbles
D:7:      layout_loops_corners, brannock_xom_greatest_gift, bloody_makhleb,
          grunt_decor_clamped
D:8:      layout_loops_cross, grunt_dithmenos_smoke,
          mainiacjoe_overflow_divided_tiny
D:9:      layout_small_grid, david_lair_generic, zombieorc1_lemuel,
          serial_glass, glass_columns_c, glass_columns_a, glass_columns_a,
          glass_columns_a, glass_columns_a, glass_columns_c, glass_columns_c,
          glass_columns_a
D:10:     minmay_the_grid_triangle_9x9_recursive_2
          [minmay_the_grid_triangle_9x9_prize_insulated,
          minmay_the_grid_triangle_9x9_pentomino_pain,
          minmay_the_grid_triangle_9x9_thin_v,
          minmay_the_grid_triangle_9x9_corrupted_corridor], layout_cave_pods,
          nicolae_overflow_hidden_temple, ashenzari_altar_1,
          lemuel_zombie_altar_kikubaaqudgha, minivault_25_ag, kennysheep_dice,
          uniq_fannar
Temple:   minmay_freezing_vapour_temple
Lair:1:   layout_cave_shapes, gammafunk_ghost_hydra_chop, hibernation_bobbens,
          uniq_erica
Lair:2:   layout_chaotic_city, lemuel_fruit_fields
Orc:1:    layout_caves, lemuel_statue_altar, nicolae_orc_bridge_out, uniq_sonja,
          uniq_harold
Orc:2:    st_orc_ogre_mass, layout_caves, serial_shops, nicolae_diamond_shop
Elf:1:    elf_arrival_001, layout_geoelf_octagon, serial_co_window_serial,
          co_window_cross_1, co_window_corner_a, co_window_paths_b,
          co_window_corner_a, co_window_corner_a, co_window_paths_b,
          co_window_corner_a, co_window_paths_c, co_window_unsneaky_path_d,
          co_window_2corner, co_window_corner_cb, co_window_broadway_a,
          glass_columns_a, glass_columns_b, glass_columns_a, glass_columns_b,
          minmay_elf_necromancy

Skill      XL: |  1  2  3  4  5  6  7  8  9 10 11 12 13 |
---------------+----------------------------------------+-----
Shields        | 4 5 6 7 9 11 13 15 16 18 | 18.0
Armour         | 4 5 6 7 8 10 11 12 | 12.4
Fighting       | 4 5 6 7 9 10 11 | 11.4
Evocations     | 1 |  1.1
Throwing       | 1 |  1.1
Axes           | |  1.7

Action                   |  1- 3 |  4- 6 |  7- 9 | 10-12 | 13-15 || total
-------------------------+-------+-------+-------+-------+-------++-------
Melee: War axe           |   100 |    36 |       |       |       ||   136
       Flail             |       |   164 |   469 |   312 |       ||   945
       Spear             |       |       |       |   640 |   382 ||  1022
Throw: Dart              |       |       |       |     4 |       ||     4
Evoke: Wand              |       |       |       |     4 |       ||     4
  Use: Scroll            |     3 |       |    12 |     6 |       ||    21
       Potion            |       |     1 |     4 |     8 |     2 ||    15
 Stab: Distracted        |       |       |     1 |     1 |     1 ||     3
       Invisible         |       |       |       |       |     1 ||     1
Armor: Scale mail        |    68 |   173 |   273 |   129 |       ||   643
       Skin              |       |       |     8 |    11 |       ||    19
       Plate armour      |       |       |       |   189 |   167 ||   356
Dodge: Dodged            |    34 |   107 |   129 |   332 |   208 ||   810
Block: Kite shield       |    62 |   150 |   411 |  1009 |   442 ||  2074
       Reflection        |       |       |     9 |    20 |     3 ||    32
